 Dungeon Crawl Stone Soup version 0.25-a0-458-g6fc7858b95 (webtiles) character file.

Game seed: 6243439673048806478, levelgen mode: deterministic

10872 Jupotter the Blocker (level 11, -10/73 HPs)
             Began as a Gargoyle Fighter on Feb 2, 2020.
             Was a Priest of Qazlal.
             Killed by divine providence
             ... invoked by a balrug
              (13 damage)
             ... in a Gauntlet.
             The game lasted 00:33:55 (10039 turns).

Jupotter the Blocker (Gargoyle Fighter)            Turns: 10039, Time: 00:33:56

Health: -10/73     AC: 27    Str: 23    XL:     11   Next: 68%
Magic:  11/11      EV:  8    Int:  9    God:    Qazlal [***...]
Gold:   564        SH: 16    Dex:  9    Spells: 10/10 levels left

rFire    . . .     SeeInvis +   r - +1 flail (protect)
rCold    . . .     Gourm    .   c - +0 shield
rNeg     + . .     Faith    .   s - +3 chain mail {rPois}
rPois    ∞         Spirit   .   u - +0 helmet
rElec    +         Reflect  .   (no cloak)
rCorr    .         Harm     .   a - +0 pair of gloves
MR       .....     NoTele   +   J - +0 pair of boots
Stlth    ..........             (no amulet)
HPRegen  0.22/turn              A - +1 ring of evasion
MPRegen  0.12/turn              B - ring of see invisible {sInv, !d}

@: no status effects
A: negative energy resistance 1, electricity resistance, unbreathing,
petrification resistance, rot immunity, AC +8
a: Upheaval, Elemental Force, Renounce Religion


You were in a Gauntlet.
You worshipped Qazlal.
Qazlal was most pleased with you.
You were hungry.

You visited 2 branches of the dungeon, and saw 11 of its levels.
You also visited: Gauntlet.

You collected 564 gold pieces.

Inventory:

Hand Weapons
 r - a +1 flail of protection (weapon)
 y - a +0 war axe of flaming
Missiles
 w - 6 curare-tipped darts (quivered)
Armour
 a - a +0 pair of gloves (worn)
 c - a +0 shield (worn)
 n - a +0 cloak
 s - a +3 chain mail of poison resistance (worn)
 u - a +0 helmet (worn)
 J - a +0 pair of boots (worn)
Jewellery
 t - an uncursed ring of positive energy {unknown}
 z - the amulet "Acicumai" {Faith rC+ Str+6 Dex+2 Slay-5, unknown}
   (You found it in a Gauntlet)

   [amulet of faith]

   It allows you to gain divine favour quickly.
   It affects your strength (+6).
   It affects your dexterity (+2).
   It affects your accuracy and damage with ranged weapons and melee attacks
   (-5).
   It protects you from cold.
 A - a +1 ring of evasion (left hand)
 B - a ring of see invisible (right hand) {sInv, !d}
Wands
 e - a wand of polymorph (7)
 j - a wand of paralysis (5)
 q - a wand of digging (7)
 G - a wand of acid (8)
Scrolls
 d - a scroll of random uselessness {unknown}
 i - 2 scrolls of identify
 k - 2 scrolls of enchant armour
 l - a scroll of vulnerability {unknown}
 m - 5 scrolls of enchant weapon
 C - 6 scrolls of remove curse
 D - a scroll of noise {unknown}
 E - a scroll of fear {unknown}
 F - a scroll of fog
 K - a scroll of brand weapon {unknown}
 L - 2 scrolls of immolation {unknown}
 M - 2 scrolls of magic mapping {!r}
 T - 7 scrolls of teleportation
Potions
 b - 3 potions of flight
 g - 3 potions of lignification {!q}
 h - a potion of cancellation
 o - 2 potions of curing
 p - a potion of resistance {unknown}
 v - a potion of magic {unknown}
 x - 2 potions of mutation {unknown}
Comestibles
 f - 15 rations


   Skills:
 + Level 10.4 Fighting
 + Level 9.4 Maces & Flails
 + Level 10.4 Armour
 + Level 10.4 Shields


You had 10 spell levels left.
You didn't know any spells.
Your spell library was empty.

Dungeon Overview and Level Annotations

Branches:
Dungeon (9/15)             Temple (0/1) D:7            Lair (2/6) D:9
Gauntlet (1/1)
  Swamp: Lair:2-4    Shoals: Lair:2-4     Snake: Lair:2-4    Spider: Lair:2-4
    Orc: D:9-12

Altars:
Ashenzari
Cheibriados
Elyvilon
Fedhas
Gozag
Kikubaaqudgha
Qazlal
Ru
Sif Muna
Uskayaw
Xom
The Shining One

Shops:
D:4 :

Annotations:
Lair:1 2 transporters, Beaer's ghost, novice VSAs Gauntlet 9 transporters, exclusion: obsidian statue


Innate Abilities, Weirdness & Mutations

You are resistant to torment.
Your stone body is resilient. (AC +8)
You are immune to poison.
You resist negative energy. (rN+)
You are resistant to electric shocks. (rElec)
You can survive without breathing.
You are immune to petrification.
You are immune to rotting.


Message History

The balrug gestures at you.
The sticky flame hits you but does no damage.
You are covered in liquid flames!
You are covered in liquid flames!
You see here a scroll of enchant weapon.
m - 5 scrolls of enchant weapon (gained 1)
You are covered in liquid flames!
The balrug gestures at you. The bolt of fire hits you!!
There is a transporter here.
You see here a pitted zirconium amulet.
z - a pitted zirconium amulet You are feeling hungry.
You block the balrug's attack. The balrug gestures at you.
The bolt of fire hits you!!
* * * LOW HITPOINT WARNING * * *
The balrug gestures at you. Something smites you!
You die...

##.8...#.8.#...8....#.©.#....
##......#.©.#........#...#....
#≈...###########.....#.©.#....
##...###.##.##.#...#########..
#§...###.##.##.#...#.......#..
##...#.........#...#..####.#..
#≈...#.##©##.###...#.#...#.#..
##.8.#.##.##.###.8.#.#.©.#.#.8
#≈...#.#.#..#@.#...#.#...#.#..
##...##.#####.##...#.####..#..
#≈...##.##.##2##...#.|(©.[2#..
##...#....©....#...#########..
#≈...###########..............
##...............8.....8.....8
#§.8......8...................
##...............#≈#########≈#
##≈#≈#≈#≈#≈#≈#≈####.......###


You could see a balrug.

Vanquished Creatures
  Gastronok (Lair:1)
  A hydra (Lair:2)
  A two-headed ogre (D:8)
  A moth of wrath (Gauntlet)
  Joseph (D:8)
  A spiny frog (Lair:1)
  2 komodo dragons (Lair:1)
  A troll (D:9)
  Prince Ribbit (D:9)
  3 hippogriffs
  3 redbacks (Gauntlet)
  Eustachio (D:6)
  An acid dragon (D:8)
  2 porcupines (Lair:1)
  An ice beast (D:6)
  A black bear (D:6)
  3 orc warriors
  3 phantoms
  A sky beast (D:7)
  5 ogres
  A necrophage (D:7)
  5 wolves (Lair:2)
  3 crocodiles
  2 centaurs
  Blork the orc (D:4)
  3 bullfrogs
  4 scorpions
  5 killer bees (D:7)
  4 wights (D:7)
  2 howler monkeys
  4 crimson imps
  A centaur zombie (D:8)
  10 hounds
  5 jellies
  2 bullfrog skeletons (D:6)
  2 orc priests
  7 orc wizards
  Terence (D:3)
  Natasha (twice) (D:4)
  3 iguanas
  5 worker ants
  A hound zombie (D:6)
  A hound skeleton (D:6)
  A howler monkey zombie (D:6)
  Robin (D:4)
  A worker ant zombie (D:7)
  9 adders
  2 shadow imps
  An ooze (D:3)
  2 adder zombies (D:6)
  5 worms
  4 leopard geckos
  23 orcs
  6 bats
  2 giant cockroaches
  9 goblins
  4 hobgoblins
  16 jackals
  2 quokkas (D:3)
  2 ball pythons
  7 frilled lizards
  7 kobolds
  2 rats
  A butterfly (D:7)
215 creatures vanquished.

Vanquished Creatures (others)
  A plant (Lair:1)
1 creature vanquished.

Grand Total: 216 creatures vanquished

Notes
Turn   | Place    | Note
-------+----------+-------------------------------------------
     0 | D:1      | Jupotter the Gargoyle Fighter began the quest for the Orb.
     0 | D:1      | Reached XP level 1. HP: 14/14 MP: 1/1
   186 | D:1      | Found a shattered altar of Ashenzari.
   225 | D:1      | Reached XP level 2. HP: 18/19 MP: 2/2
   832 | D:2      | Reached XP level 3. HP: 8/24 MP: 3/3
  1113 | D:2      | Found a shimmering blue altar of Sif Muna.
  1306 | D:2      | Noticed a phantom
  1329 | D:2      | HP: 1/24 [phantom (6)]
  1381 | D:2      | Killed a phantom
  1381 | D:2      | Reached XP level 4. HP: 5/29 MP: 4/4
  1381 | D:2      | Reached XP level 5. HP: 5/33 MP: 5/5
  1950 | D:2      | Found a shattered altar of Ashenzari.
  2379 | D:3      | Noticed Terence
  2400 | D:3      | Killed Terence
  2935 | D:3      | Reached XP level 6. HP: 36/39 MP: 6/6
  3015 | D:3      | Found an ancient bone altar of Kikubaaqudgha.
  3194 | D:4      | Noticed Natasha
  3203 | D:4      | Killed Natasha
  3221 | D:4      | Found an opulent altar of Gozag.
  3231 | D:4      | Found a shimmering blue altar of Sif Muna.
  3319 | D:4      | Noticed Robin
  3323 | D:4      | Killed Robin
  3367 | D:4      | Found Vedaom's Book Shoppe.
  3440 | D:4      | Noticed Blork the orc
  3462 | D:4      | Killed Blork the orc
  3462 | D:4      | Reached skill level 5 in Armour
  3470 | D:4      | Reached skill level 5 in Fighting
  3470 | D:4      | Reached skill level 5 in Shields
  3470 | D:4      | Reached XP level 7. HP: 35/44 MP: 7/7
  3597 | D:4      | Noticed Natasha
  3609 | D:4      | Killed Natasha
  3706 | D:4      | Found a stormy altar of Qazlal.
  3706 | D:4      | Found a white marble altar of Elyvilon.
  3713 | D:4      | Became a worshipper of Qazlal Stormbringer
  3820 | D:5      | Entered Level 5 of the Dungeon
  4039 | D:5      | Reached XP level 8. HP: 18/51 MP: 8/8
  4414 | D:5      | Reached skill level 5 in Maces & Flails
  4983 | D:6      | Noticed Eustachio
  4987 | D:6      | Reached * piety under Qazlal
  5009 | D:6      | Killed Eustachio
  5123 | D:6      | Reached XP level 9. HP: 56/56 MP: 9/9
  5901 | D:7      | Found a shimmering altar of Xom.
  6003 | D:7      | Reached ** piety under Qazlal
  6316 | D:7      | Found a staircase to the Ecumenical Temple.
  6527 | D:7      | Found a blossoming altar of Fedhas.
  6809 | D:8      | Found a sacrificial altar of Ru.
  6884 | D:8      | Found a glowing golden altar of the Shining One.
  6954 | D:8      | Reached XP level 10. HP: 17/64 MP: 10/10
  6981 | D:8      | Noticed a two-headed ogre
  7206 | D:8      | Noticed Joseph
  7306 | D:8      | Killed Joseph
  7387 | D:8      | Found a hide-covered altar of Uskayaw.
  7705 | D:8      | Killed a two-headed ogre
  7746 | D:9      | Found a staircase to the Lair.
  7848 | D:9      | Found a snail-covered altar of Cheibriados.
  7960 | D:9      | Noticed Prince Ribbit
  8536 | D:9      | Killed Prince Ribbit
  8542 | Lair:1   | Entered Level 1 of the Lair of Beasts
  8615 | Lair:1   | Noticed Gastronok
  8627 | Lair:1   | Noticed a spiny frog
  8647 | Lair:1   | Killed a spiny frog
  8647 | Lair:1   | Reached *** piety under Qazlal
  8647 | Lair:1   | Reached XP level 11. HP: 42/71 MP: 11/11
  8664 | Lair:1   | Killed Gastronok
  8664 | Lair:1   | Reached skill level 10 in Fighting
  8664 | Lair:1   | Reached skill level 10 in Armour
  8664 | Lair:1   | Reached skill level 10 in Shields
  8902 | Lair:1   | Found a transporter.
  8919 | Lair:1   | Found a transporter.
  8925 | Lair:1   | Noticed Beaer's ghost (novice VSAs)
  8934 | Lair:1   | Noticed a cyan ugly thing
  8935 | Lair:1   | Noticed a rakshasa
  8937 | Lair:1   | Noticed a purple ugly thing
  8943 | Lair:1   | Noticed a worldbinder
  8945 | Lair:1   | Identified the +7 short sword of Wyrd {distort, rElec}
  9429 | Lair:1   | Noticed a wolf spider
  9429 | Lair:1   | a torpor snail changed into a wolf spider
  9740 | Lair:2   | Found a gate leading to a gauntlet.
  9743 | Lair:2   | Noticed a five-headed hydra
  9756 | Lair:2   | Killed a five-headed hydra
  9761 | Gauntlet | Entered a Gauntlet
  9761 | Gauntlet | Found a transporter.
  9770 | Gauntlet | Found a transporter.
  9772 | Gauntlet | Found a transporter.
  9774 | Gauntlet | Found a transporter.
  9776 | Gauntlet | Found a transporter.
  9784 | Gauntlet | Found a transporter.
  9784 | Gauntlet | Noticed a blizzard demon
  9785 | Gauntlet | Noticed an obsidian statue
  9786 | Gauntlet | Found a transporter.
  9786 | Gauntlet | Found a transporter.
  9794 | Gauntlet | Noticed a hell beast
  9804 | Gauntlet | Found a transporter.
  9804 | Gauntlet | Noticed a balrug
  9821 | Gauntlet | Found a transporter.
  9825 | Gauntlet | Found a transporter.
  9828 | Gauntlet | Noticed a moth of wrath
  9833 | Gauntlet | Found a transporter.
  9848 | Gauntlet | Found a runed translucent door.
  9907 | Gauntlet | Noticed a green death
  9995 | Gauntlet | Killed a moth of wrath
 10035 | Gauntlet | Got a pitted zirconium amulet
 10037 | Gauntlet | HP: 3/73 [balrug/bolt of fire (21)]
 10039 | Gauntlet | Killed from afar by a balrug

Levels and vault maps discovered:
D:1:      ncdulo_smallfort, layout_loops_ring, ashenzari_altar_1
D:2:      layout_basic, old_standard_altar, lemuel_blue_sif_altar
D:3:      layout_basic, lemuel_coloured_pillars_altar, uniq_terence
D:4:      layout_loops_ring, old_standard_altar,
          amethyst_overflow_temple_binary, kennysheep_mini_moat, serial_shops,
          shop, uniq_natasha, uniq_robin, uniq_blork_the_orc
D:5:      layout_basic, first_ration, hangedman_abyss_or_decor_stagger
D:6:      layout_gridville, dk_vineyard_2, minmay_bent, uniq_eustachio
D:7:      layout_basic, kennysheep_little_box, xom_butterflies,
          lemuel_temple_firewalk_a, chequers_garden, st_stairs_1
D:8:      layout_loops_ring, lemuel_round_altar, nicolae_overflow_crystal_walls,
          nicolae_overflow_hidden_temple, uniq_joseph
D:9:      layout_roguey, lemuel_doored_altar, lair_entry_dummy,
          uniq_prince_ribbit1
Lair:1:   layout_chaotic_city, gammafunk_ghost_abyssal_escape, uniq_gastronok
Lair:2:   layout_chaotic_city, gauntlet_entry_generic, serial_bayou_shore_b,
          grunt_megastairs_2, uniq_urug
Gauntlet: minmay_gauntlet_mixed_oops_all_seconds [minmay_gauntlet_arena_77_path,
          nicolae_gauntlet_swirl, minmay_gauntlet_arena_77_broken_ladder,
          gammafunk_gauntlet_arena_crates, minmay_gauntlet_arena_77_box,
          nicolae_gauntlet_arena_x, nicolae_gauntlet_exit_dead_adventurers]

Skill      XL: |  1  2  3  4  5  6  7  8  9 10 11 |
---------------+----------------------------------+-----
Fighting       | 4 5 6 8 9 10 | 10.4
Maces & Flails | 3 4 5 7 8 9 |  9.4
Armour         | 4 5 7 8 9 10 | 10.4
Shields        | 4 5 6 8 9 10 | 10.4

Action                   |  1- 3 |  4- 6 |  7- 9 | 10-12 || total
-------------------------+-------+-------+-------+-------++-------
Melee: Flail             |   162 |   233 |   517 |   352 ||  1264
  Use: Potion            |     4 |       |     2 |     1 ||     7
       Scroll            |       |     1 |       |     8 ||     9
  Eat: Chunk             |     2 |     4 |     9 |     6 ||    21
       Ration            |       |     1 |     1 |     1 ||     3
Armor: Scale mail        |   117 |    13 |       |       ||   130
       Skin              |     4 |       |       |       ||     4
       Chain mail        |       |   105 |   293 |   187 ||   585
Dodge: Dodged            |    56 |    49 |   111 |    96 ||   312
Block: Shield            |   102 |   125 |   347 |   270 ||   844

Table legend:
 A = Non-vault XP
 B = Vault XP
 C = Vault XP percentage of total XP
 D = Non-vault monster count
 E = Vault monster count
 F = Vault count percentage of total count
                 A         B        C        D         E       F
            +---------+---------+-------+---------+---------+-------
      Total |    9756 |    5776 |  37.2 |     182 |      32 |  15.0
            +---------+---------+-------+---------+---------+-------
        D:1 |      23 |       0 |   0.0 |      13 |       0 |   0.0
        D:2 |     159 |       0 |   0.0 |      13 |       0 |   0.0
        D:3 |     134 |      36 |  21.2 |      30 |       1 |   3.2
        D:4 |     463 |     162 |  25.9 |      14 |       9 |  39.1
        D:5 |     672 |       0 |   0.0 |      26 |       0 |   0.0
        D:6 |     797 |     477 |  37.4 |      20 |       8 |  28.6
        D:7 |    1242 |      44 |   3.4 |      22 |       1 |   4.3
        D:8 |    2103 |     502 |  19.3 |      23 |       1 |   4.2
        D:9 |     934 |     268 |  22.3 |      10 |       1 |   9.1
     Lair:1 |    2109 |    2411 |  53.3 |       9 |       1 |  10.0
     Lair:2 |    1120 |     684 |  37.9 |       2 |       6 |  75.0
   Gauntlet |       0 |    1192 | 100.0 |       0 |       4 | 100.0
            +---------+---------+-------+---------+---------+-------
